AoeStats
← JoseLuisHc23

Black Forest

504896828Analyzed
1v1 RM · 26d ago on Sep 7, 2026· 27m 39s· 2 players
Game mode
Random Map
Map size
Tiny (2 player)
Population
200
Speed
Normal
Resources
Standard
Victory
Conquest
Starting age
Dark Age
Ending age
Imperial Age
RankedLock teamsTeams togetherTeam positionsShared explorationLock speedFull tech treeHidden civsTurbo modeCheats
Victory
Defeat
🇲🇽 Lithuanians · Mexico
611
+12
🇲🇽 Burgundians · Mexico
515
-17
JoseLuisHc23
8:52 Double-Bit Axe
15:18 Feudal Age
15:07 Horse Collar
16:28 Heavy Plow
16:44 Bow Saw
16:30 Gold Mining
21:01 Wheelbarrow
24:19 Castle Age
24:09 Gold Shaft Mining
25:20 Scale Barding Armor
26:06 Crop Rotation
anzolablan
13:35 Feudal Age
12:02 Loom
14:42 Man-at-Arms
15:08 Arson
23:11 Castle Age
22:04 Horse Collar
22:12 Double-Bit Axe
23:02 Stone Mining
26:55 Ballistics
27:49 Bloodlines
Connection lost

Rejoining the realm…

Still unreachable

The connection could not be restored.

Session expired

The server has moved on; the page needs a fresh start.